[Event "Titled Tuesday Blitz June 22 2021"]
[White "SpeedofLight0"]
[Black "Jia, Haoxiang"]
[BlackFideId "8602999"]
[WhiteElo "2792"]
[BlackElo "2638"]
[Result "0-1"]
[Round "11"]
[TimeControl "180+1"]
[Date "2021.06.22"]
[WhiteClock "0:00:20"]
[BlackClock "0:00:15"]

1. d4 d5 2. c4 c6 3. Nf3 Nf6 4. Nc3 dxc4 5. a4 Bf5 6. Ne5 Nbd7 7. Nxc4 Nb6 8. Ne5 a5 9. g3 e6 10. Bg2 Bb4 11. O-O h6 12. Re1 Bh7 13. e4 O-O 14. Qd3 Nfd7 15. Bf4 Nxe5 16. Bxe5 Nd7 17. Bf4 Qe7 18. Re2 Rfd8 19. Qc2 e5 20. dxe5 Nxe5 21. Rd1 Nc4 22. Qb3 Rxd1+ 23. Nxd1 Ne5 24. Ne3 Rd8 25. Nf5 Qf6 26. Bf1 Nd3 27. Bc7 Rd7 28. Qc2 Ne1 29. Rxe1 Bxe1 30. Bb6 Bb4 31. Bh3 Rd2 32. Qc4 Bxf5 33. Bxf5 g6 34. Bg4 h5 35. Be2 Qxb2 36. Bf1 Qc3 37. e5 Qxe5 38. Qh4 Be7 39. Qc4 Rd1 40. Qc2 Qd5 41. Qe2 Bb4 42. h4 Re1 43. Qc2 Qd2 44. Qc4 Qc3 45. Qf4 Qd3 46. Kh2 Qxf1 47. g4 Qg1+ 48. Kh3 Qh1+ 49. Kg3 Rg1# 0-1


[Site "https://www.chess.com"]

[Event "Titled Tuesday Blitz June 22 2021"]
[White "Storme, Isak"]
[Black "Jakubowska, Anna"]
[WhiteFideId "1728113"]
[BlackFideId "1121952"]
[WhiteElo "2037"]
[BlackElo "2006"]
[Result "1-0"]
[Round "11"]
[TimeControl "180+1"]
[Date "2021.06.22"]
[WhiteClock "0:01:17"]
[BlackClock "0:01:12"]

1. e4 c5 2. Nf3 e6 3. d4 cxd4 4. Nxd4 a6 5. Nc3 b5 6. Bd3 d6 7. O-O Nf6 8. Qe2 Be7 9. f4 Bb7 10. Kh1 O-O 11. a3 Nbd7 12. Bd2 Nc5 13. Rae1 Re8 14. Nf3 d5 15. e5 Nfe4 16. b4 Nxc3 17. Bxc3 Na4 18. Bd4 Rc8 19. f5 exf5 20. Bxf5 Rc4 21. e6 f6 22. Qd3 h6 23. Bh7+ Kh8 24. Nh4 Rxd4 25. Ng6+ Kxh7 26. Nf8+ Kg8 27. Qh7+ Kxf8 28. Qh8# 1-0


[Site "https://www.chess.com"]

[Event "Titled Tuesday Blitz June 22 2021"]
[White "Stribuk, Artiom"]
[Black "Maximov, Dmitry"]
[WhiteFideId "13515659"]
[BlackFideId "14105659"]
[WhiteElo "2177"]
[BlackElo "2494"]
[Result "1-0"]
[Round "11"]
[TimeControl "180+1"]
[Date "2021.06.22"]
[WhiteClock "0:00:31"]
[BlackClock "0:00:22"]

1. d4 Nf6 2. c4 g6 3. Nf3 Bg7 4. g3 O-O 5. Bg2 d6 6. O-O Nbd7 7. Nc3 e5 8. e4 c6 9. Re1 a5 10. h3 Re8 11. Be3 a4 12. Qc2 Qa5 13. a3 exd4 14. Nxd4 Ne5 15. Qe2 Qa6 16. Bf1 h5 17. f4 Ned7 18. Bf2 Nc5 19. Bg2 Nfd7 20. Rad1 Nb6 21. Ndb5 cxb5 22. Rxd6 Ncd7 23. Nd5 bxc4 24. Nc7 Qa5 25. Nxe8 Bf8 26. Nf6+ Kh8 27. Bd4 Bxd6 28. Nxd7+ Kg8 29. Nxb6 Rb8 30. Nxc4 Qc7 31. Nxd6 Qxd6 32. Be5 Qb6+ 33. Qf2 Qxf2+ 34. Kxf2 Ra8 35. Rd1 Be6 36. Bc3 Rc8 37. Rd6 Bb3 38. Rb6 Rc7 39. e5 Rd7 40. Rxb7 Rd1 41. Rb8+ Kh7 42. e6 g5 43. Be4+ 1-0


[Site "https://www.chess.com"]

[Event "Titled Tuesday Blitz June 22 2021"]
[White "Tanenbaum, Zachary"]
[Black "Trent, Lawrence"]
[WhiteFideId "2060850"]
[BlackFideId "408638"]
[WhiteElo "2165"]
[BlackElo "2474"]
[Result "1-0"]
[Round "11"]
[TimeControl "180+1"]
[Date "2021.06.22"]
[WhiteClock "0:00:11"]
[BlackClock "0:00:33"]

1. e4 b6 2. d4 Bb7 3. Bd3 e6 4. Nf3 d5 5. exd5 Qxd5 6. O-O Nf6 7. Re1 Bd6 8. Bg5 h6 9. Nc3 Qa5 10. Bxf6 gxf6 11. Be4 c6 12. d5 Bb4 13. dxe6 fxe6 14. Bg6+ Ke7 15. Nd4 e5 16. Nf5+ Ke6 17. Qg4 h5 18. Ng7+ Ke7 19. Qe6+ Kd8 20. Rad1+ Kc7 21. Qf7+ Kc8 22. Bf5+ 1-0


[Site "https://www.chess.com"]

[Event "Titled Tuesday Blitz June 22 2021"]
[White "Tristan, Leonardo"]
[Black "Donchenko, Alexander"]
[WhiteFideId "113816"]
[BlackFideId "24603295"]
[WhiteElo "2404"]
[BlackElo "2553"]
[Result "0-1"]
[Round "11"]
[TimeControl "180+1"]
[Date "2021.06.22"]
[WhiteClock "0:00:09"]
[BlackClock "0:01:37"]

1. d4 d5 2. Bg5 f6 3. Bd2 e5 4. dxe5 fxe5 5. e4 c6 6. Qh5+ Kd7 7. Nf3 Bd6 8. Nxe5+ Bxe5 9. Qxe5 Nf6 10. Nc3 Re8 11. Qf5+ Ke7 12. Qg5 Kf8 13. O-O-O d4 14. Bc4 Nbd7 15. Bf4 dxc3 16. Bd6+ Re7 17. e5 Nd5 18. Rd3 N7b6 19. Rf3+ Ke8 20. Bd3 cxb2+ 21. Kxb2 Na4+ 22. Ka1 Qb6 0-1


[Site "https://www.chess.com"]

[Event "Titled Tuesday Blitz June 22 2021"]
[White "Tsaruk, Maksim"]
[Black "Le, Tuan Minh"]
[WhiteFideId "13511173"]
[BlackFideId "12401153"]
[WhiteElo "2197"]
[BlackElo "2450"]
[Result "0-1"]
[Round "11"]
[TimeControl "180+1"]
[Date "2021.06.22"]
[WhiteClock "0:00:01"]
[BlackClock "0:00:09"]

1. e4 c5 2. Nf3 Nf6 3. e5 Nd5 4. Nc3 e6 5. Nxd5 exd5 6. d4 Nc6 7. c3 d6 8. Bb5 cxd4 9. Nxd4 Bd7 10. exd6 Bxd6 11. O-O O-O 12. Be3 Re8 13. Re1 Qf6 14. Qb3 a6 15. Bf1 Ne5 16. h3 Qg6 17. Kh1 Rad8 18. Rad1 Bc8 19. Qxd5 Bb8 20. Qb3 b5 21. a4 Bb7 22. axb5 Qh5 23. Kg1 Qg6 24. bxa6 Bd5 25. c4 Ba8 26. Qb5 h5 27. Bf4 Rxd4 28. Rxd4 Nf3+ 29. Kh1 Rxe1 30. Rd8+ Kh7 31. c5 Nd4 32. Qc4 Qxg2# 0-1


[Site "https://www.chess.com"]

[Event "Titled Tuesday Blitz June 22 2021"]
[White "Vignesh, N R"]
[Black "Wagner, Dennis"]
[WhiteFideId "25012215"]
[BlackFideId "24650684"]
[WhiteElo "2401"]
[BlackElo "2355"]
[Result "1-0"]
[Round "11"]
[TimeControl "180+1"]
[Date "2021.06.22"]
[WhiteClock "0:00:07"]
[BlackClock "0:00:04"]

1. d4 Nf6 2. Nf3 g6 3. e3 Bg7 4. Bd3 O-O 5. O-O c5 6. c3 d5 7. Ne5 b6 8. f4 Bb7 9. Nd2 Nc6 10. Ndf3 e6 11. Ng5 Ne7 12. Bd2 Ne4 13. Nxe4 dxe4 14. Bc4 Qd6 15. Be1 Nd5 16. Qe2 f6 17. Ng4 a6 18. a4 Rfc8 19. Bh4 cxd4 20. exd4 Rxc4 21. Qxc4 h5 22. Nf2 Ne3 23. Qe2 Nxf1 24. Rxf1 Qxf4 25. Bg3 Qf5 26. Re1 Qd5 27. Nxe4 Bc6 28. Nd2 Re8 29. Nc4 b5 30. Ne3 Qd7 31. axb5 axb5 32. Qf2 Kh7 33. Nf1 Bb7 34. Nd2 Qd5 35. Ne4 Rf8 36. Nc5 Re8 37. Nxb7 Qxb7 38. h3 Qd5 39. Kh2 Ra8 40. Qe2 Ra2 41. Qxe6 Qxe6 42. Rxe6 Rxb2 43. Rb6 Rb3 44. d5 Rxc3 45. Rxb5 Rd3 46. d6 g5 47. h4 Kg6 48. Rb6 Kf5 49. Rb5+ Ke6 50. hxg5 fxg5 51. Rxg5 h4 52. Rxg7 hxg3+ 53. Rxg3 Rd1 54. Rg6+ Kf7 55. Rh6 Kg7 56. Re6 Kf7 57. Re7+ Kf6 58. Rd7 Ke6 59. Rd8 Rd3 60. g3 Kf5 61. Kh3 Kg5 62. d7 Kh6 63. Rh8+ Kg7 64. d8=Q 1-0


[Site "https://www.chess.com"]

[Event "Titled Tuesday Blitz June 22 2021"]
[White "Villegas, Pierre"]
[Black "Joubert, Dantelle"]
[WhiteFideId "654183"]
[BlackFideId "14310813"]
[WhiteElo "2411"]
[BlackElo "1507"]
[Result "1-0"]
[Round "11"]
[TimeControl "180+1"]
[Date "2021.06.22"]
[WhiteClock "0:00:08"]
[BlackClock "0:00:06"]

1. d4 d5 2. c4 e6 3. Nc3 c5 4. cxd5 exd5 5. Nf3 Nc6 6. dxc5 d4 7. Na4 Bf5 8. a3 Nf6 9. b4 a6 10. Nb6 Ra7 11. Bb2 Be7 12. Nxd4 Nxd4 13. Qxd4 O-O 14. Qxd8 Rxd8 15. f3 a5 16. e4 Be6 17. Bc4 Bxc4 18. Nxc4 axb4 19. axb4 Rxa1+ 20. Bxa1 Ra8 21. Bc3 Ra2 22. O-O Rc2 23. Bxf6 Bxf6 24. Nd6 Rb2 25. Nxb7 Rxb4 26. Nd6 Bd4+ 27. Kh1 Bxc5 28. Nf5 g6 29. Ng3 Bd6 30. f4 g5 31. e5 Bb8 32. fxg5 Bxe5 33. Nf5 Bf4 34. h4 Be5 35. g3 f6 36. Ne7+ Kf7 37. Nd5 Rb3 38. Nxf6 Bxg3 39. Nxh7+ Kg6 40. Nf8+ Kh5 41. g6 Rb7 42. Rf7 Rxf7 43. gxf7 Bxh4 44. Ng6 Kg5 45. Nxh4 1-0


[Site "https://www.chess.com"]

[Event "Titled Tuesday Blitz June 22 2021"]
[White "Visakh N R"]
[Black "Paragua, Mark"]
[WhiteFideId "25012223"]
[BlackFideId "5201241"]
[WhiteElo "2428"]
[BlackElo "2493"]
[Result "0-1"]
[Round "11"]
[TimeControl "180+1"]
[Date "2021.06.22"]
[WhiteClock "0:00:41"]
[BlackClock "0:00:14"]

1. e4 c5 2. Nf3 d6 3. d4 cxd4 4. Nxd4 Nf6 5. Nc3 a6 6. Be3 e5 7. Nb3 Be6 8. f3 h5 9. Qd2 Nbd7 10. O-O-O Rc8 11. Kb1 Be7 12. h3 h4 13. f4 Qc7 14. Bd3 b5 15. f5 Bc4 16. Rhe1 O-O 17. Bg5 b4 18. Ne2 a5 19. Nbc1 a4 20. Ng1 a3 21. b3 Bxd3 22. Nxd3 Nxe4 23. Rxe4 Bxg5 24. Qe2 Nf6 25. Rc4 Qd7 26. Nxe5 Qxf5 27. Nc6 Nd5 28. Qd3 Qxd3 29. Rxd3 Nc3+ 30. Ka1 Rfe8 31. Nf3 Bf6 32. Rxd6 Rc7 33. Rd3 Nd5+ 34. Kb1 Nc3+ 35. Ka1 Re2 36. Nxb4 Rxc4 37. bxc4 Nd5+ 0-1


[Site "https://www.chess.com"]

[Event "Titled Tuesday Blitz June 22 2021"]
[White "Vovk, Orest"]
[Black "Csonka, Balazs"]
[WhiteFideId "14113490"]
[BlackFideId "742910"]
[WhiteElo "2203"]
[BlackElo "2404"]
[Result "1-0"]
[Round "11"]
[TimeControl "180+1"]
[Date "2021.06.22"]
[WhiteClock "0:00:24"]
[BlackClock "0:00:05"]

1. g4 d5 2. h3 e5 3. Bg2 c6 4. d4 e4 5. c4 dxc4 6. Bxe4 Nf6 7. Bg2 Bb4+ 8. Nc3 h5 9. g5 Nd5 10. Bd2 b5 11. e4 Nxc3 12. bxc3 Be7 13. f4 Nd7 14. Nf3 Nb6 15. O-O Na4 16. Qc2 Qc7 17. f5 f6 18. e5 Bb7 19. exf6 gxf6 20. gxf6 Bxf6 21. Rae1+ Kd8 22. Re6 Rf8 23. Ne5 Bxe5 24. Rxe5 Kc8 25. f6 Qd6 26. Qf5+ Kc7 27. Bf4 Qxf6 28. Re6+ Kb6 29. Rxf6 Rxf6 30. Qxf6 Nxc3 31. Bd6 Rg8 32. Bc5+ Ka6 33. Kh2 1-0


[Site "https://www.chess.com"]

[Event "Titled Tuesday Blitz June 22 2021"]
[White "Willow, Jonah B"]
[Black "Perez Rodriguez, Luis Manuel"]
[WhiteFideId "438804"]
[BlackFideId "3503364"]
[WhiteElo "2261"]
[BlackElo "2429"]
[Result "1-0"]
[Round "11"]
[TimeControl "180+1"]
[Date "2021.06.22"]
[WhiteClock "0:00:20"]
[BlackClock "0:00:11"]

1. e4 e5 2. Nf3 Nc6 3. Nc3 Nf6 4. Bb5 Nd4 5. Bc4 Bc5 6. d3 d6 7. Na4 b5 8. Nxd4 bxc4 9. Nf5 Bxf5 10. exf5 cxd3 11. Nxc5 dxc5 12. cxd3 O-O 13. O-O Qd5 14. Be3 c4 15. dxc4 Qxc4 16. b3 Qe4 17. Rc1 Qxf5 18. Rxc7 a5 19. Qc1 a4 20. b4 a3 21. b5 Nd5 22. Rc5 Qe4 23. Re1 Nxe3 24. Rxe3 Qd4 25. Rcxe5 Qb2 26. Qc4 h6 27. Re2 Rac8 28. Rxb2 axb2 29. Qb4 Rc1+ 30. Re1 Re8 31. Rf1 1-0


[Site "https://www.chess.com"]

[Event "Titled Tuesday Blitz June 22 2021"]
[White "Wong, Yinn Long"]
[Black "Gorovets, Andrey"]
[WhiteFideId "5707684"]
[BlackFideId "13504037"]
[WhiteElo "2016"]
[BlackElo "2462"]
[Result "1-0"]
[Round "11"]
[TimeControl "180+1"]
[Date "2021.06.22"]
[WhiteClock "0:00:14"]
[BlackClock "0:00:08"]

1. b4 e5 2. Bb2 Bxb4 3. Bxe5 Nf6 4. c3 Ba5 5. Nf3 O-O 6. e3 Re8 7. Be2 c5 8. O-O d5 9. Bxf6 Qxf6 10. d4 c4 11. Ne5 Nc6 12. Nxc6 bxc6 13. Qa4 Bc7 14. Nd2 Qd6 15. g3 Bf5 16. Bd1 Rab8 17. Bc2 Bh3 18. Rfb1 h5 19. e4 h4 20. e5 Qh6 21. Nf3 hxg3 22. hxg3 Bb6 23. Qa3 f6 24. Qc1 Qxc1+ 25. Rxc1 Bg4 26. Nh2 Bh3 27. Ba4 Re6 28. Nf3 Bg4 29. Nh2 Bh5 30. Kg2 fxe5 31. dxe5 Rxe5 32. Bxc6 Rc8 33. Bd7 Rd8 34. Bg4 Bg6 35. Bf3 d4 36. Ng4 Ra5 37. cxd4 Bxd4 38. Rd1 c3 39. Rac1 c2 40. Rd2 Rxa2 41. Ne5 Bf5 42. Nc6 Rd6 43. Nxd4 Bg6 44. Nb3 Rxd2 45. Nxd2 Rb2 46. Be4 Rb1 47. Rxc2 1-0


[Site "https://www.chess.com"]

[Event "Titled Tuesday Blitz June 22 2021"]
[White "Zhuravlev, Alexey"]
[Black "Real De Azua, Ernesto"]
[WhiteFideId "4164199"]
[BlackFideId "108154"]
[WhiteElo "2468"]
[BlackElo "2476"]
[Result "1-0"]
[Round "11"]
[TimeControl "180+1"]
[Date "2021.06.22"]
[WhiteClock "0:02:08"]
[BlackClock "0:00:20"]

1. e4 e6 2. d4 d5 3. Nc3 Nf6 4. e5 Nfd7 5. f4 c5 6. Nf3 Nc6 7. Be3 Be7 8. Qd2 O-O 9. dxc5 Nxc5 10. O-O-O a6 11. Nd4 Nxd4 12. Bxd4 b5 13. Qe3 Nd7 14. Bd3 b4 15. Ne2 a5 16. g4 Ba6 17. f5 Bg5 18. Nf4 Bxd3 19. Rxd3 f6 20. exf6 Nxf6 21. h4 Nxg4 22. Qxe6+ 1-0


[Site "https://www.chess.com"]

[Event "Titled Tuesday Blitz June 22 2021"]
[White "Zubov, Alexander"]
[Black "Rychagov, Andrey"]
[WhiteFideId "14109409"]
[BlackFideId "4119932"]
[WhiteElo "2740"]
[BlackElo "2527"]
[Result "1-0"]
[Round "11"]
[TimeControl "180+1"]
[Date "2021.06.22"]
[WhiteClock "0:00:07"]
[BlackClock "0:00:07"]

1. e4 e6 2. d4 d5 3. Nd2 Nf6 4. e5 Ne4 5. Nxe4 dxe4 6. Be3 c5 7. dxc5 Nd7 8. Qg4 Qa5+ 9. c3 Nxc5 10. Bxc5 Qxc5 11. Qxe4 Bd7 12. Nf3 Bc6 13. Qe3 O-O-O 14. Nd4 Bd5 15. a3 Qb6 16. b4 Kb8 17. Rd1 Rc8 18. h4 f6 19. Rh3 fxe5 20. Qxe5+ Bd6 21. Qxg7 Rhg8 22. Qxh7 Bxg2 23. Re3 Bxf1 24. Kxf1 e5 25. Ne2 Rh8 26. Qe4 Bc7 27. c4 Qf6 28. Rf3 Rxh4 29. Rxf6 Rxe4 30. c5 Rh8 31. Ng3 Rc4 32. Kg2 e4 33. Rf7 e3 34. Rdd7 Rc8 35. fxe3 Rg4 36. Rg7 Rg8 37. Rxc7 R4xg7 38. Rxg7 Rxg7 39. Kf3 a5 40. b5 Rg5 41. Ne4 Rh5 42. Ke2 Kc7 43. Kd3 Rd5+ 44. Kc4 Rd1 45. Nc3 Re1 46. e4 a4 47. Kb4 Re3 48. Nd5+ Kb8 49. Nxe3 1-0


[Site "https://www.chess.com"]

[Event "Titled Tuesday Blitz June 22 2021"]
[White "elcandado"]
[Black "Tsschessulover"]
[WhiteElo "2614"]
[BlackElo "2511"]
[Result "1/2-1/2"]
[Round "11"]
[TimeControl "180+1"]
[Date "2021.06.22"]
[WhiteClock "0:00:06"]
[BlackClock "0:00:06"]

1. d4 Nf6 2. Bf4 d5 3. e3 e6 4. Nd2 Bd6 5. Bg3 Nc6 6. Ngf3 Qe7 7. c4 Bxg3 8. hxg3 e5 9. cxd5 Nxd5 10. e4 exd4 11. Bb5 Nf6 12. O-O O-O 13. Bxc6 bxc6 14. Nxd4 c5 15. Nf5 Qe5 16. Qc2 Nxe4 17. Qxe4 Qxe4 18. Nxe4 Bxf5 19. Nxc5 Rab8 20. b3 Rb6 21. f3 Rc6 22. Rac1 Rd8 23. g4 Bc8 24. Rfe1 f5 25. gxf5 Bxf5 26. b4 Rd2 27. a4 Rg6 28. g4 h5 29. Ne4 Rd4 30. Ng3 Bxg4 31. Kf2 Bxf3 32. Nf5 Rd7 33. Ne7+ Rxe7 34. Rxe7 Bd5 35. Rcxc7 h4 36. Re5 Bg2 37. Rc8+ Kf7 38. Rh5 h3 39. Rc7+ Ke6 40. Rxa7 Rf6+ 41. Kg1 Rf1+ 42. Kh2 Rb1 43. b5 Rb2 44. Kg3 Rb3+ 45. Kf4 Rb4+ 46. Ke3 Rb3+ 47. Kd4 g6 48. Rh6 Kf5 49. Kc4 Rb1 50. a5 g5 51. b6 g4 52. Rf7+ Ke5 53. Rg7 Kf4 54. Rf6+ Kg3 55. Rh6 Bf3 56. a6 h2 57. a7 h1=Q 58. Rxh1 Bxh1 59. b7 Bxb7 60. Rxb7 Ra1 61. Kb5 Kf2 62. Kb6 g3 63. Rf7+ Ke2 64. Rg7 Kf2 65. Rf7+ Ke2 66. Rg7 Kf2 67. Rg5 g2 68. Rxg2+ Kxg2 69. Kb7 Rb1+ 70. Kc7 Rc1+ 71. Kb7 Rb1+ 72. Kc7 Rc1+ 73. Kb7 Rb1+ 1/2-1/2